 Dungeon Crawl Stone Soup version 0.24.0-123-gd5b16e6ec5 (webtiles) character file.

Game seed: 15959257481654362778, levelgen mode: deterministic

998 FishyPogo the Sneak (level 8, -4/62 HPs)
             Began as a Naga Wizard on Jan 2, 2020.
             Was an Initiate of Cheibriados.
             Slain by an ice beast (12 damage)
             ... on level 6 of the Dungeon.
             The game lasted 00:25:05 (4084 turns).

FishyPogo the Sneak (Naga Wizard)                   Turns: 4084, Time: 00:25:07

Health: -4/62      AC:  6    Str: 12    XL:     8   Next: 19%
Magic:  10/25      EV: 10    Int: 21    God:    Cheibriados [......]
Gold:   119        SH:  0    Dex: 10    Spells: 9/18 levels left

rFire    . . .     SeeInvis +   m - +0 dagger (flame)
rCold    . . .     Gourm    .   (no shield)
rNeg     + . .     Faith    .   u - +0 leather armour
rPois    +         Spirit   .   b - +2 hat
rElec    .         Reflect  .   (no cloak)
rCorr    .         Harm     .   (no gloves)
MR       +....                  (no barding)
Stlth    +++.......             q - amulet of regeneration
HPRegen  0.60/turn              r - ring of magical power
MPRegen  0.19/turn              y - ring of positive energy

@: very slightly contaminated, very slow
A: large, see invisible, deformed body, poison resistance, slowness 2, slow
metabolism 1, spit poison 1, AC +2
a: Spit Poison, Bend Time, Renounce Religion


You were on level 6 of the Dungeon.
You worshipped Cheibriados.
Cheibriados was noncommittal.
You were hungry.

You visited 2 branches of the dungeon, and saw 7 of its levels.

You collected 216 gold pieces.
You spent 97 gold pieces at shops.

Inventory:

Hand Weapons
 m - a +0 dagger of flaming (weapon)
Missiles
 f - 11 poisoned darts
 n - 138 stones (quivered)
 z - 4 boomerangs
Armour
 b - a +2 hat (worn)
 u - a +0 leather armour (worn)
Jewellery
 q - an amulet of regeneration (around neck)
 r - a ring of magical power (left hand)
 y - a ring of positive energy (right hand)
 A - an uncursed ring of fire
 D - an uncursed amulet of harm {unknown}
Wands
 a - a wand of scattershot (4)
Scrolls
 j - 2 scrolls of remove curse
 k - 3 scrolls of teleportation
 l - a scroll of fear {unknown}
 o - a scroll of fog {unknown}
 p - a scroll of magic mapping {unknown}
 s - a scroll of blinking {unknown}
 w - a scroll of identify
 B - a scroll of enchant weapon {unknown}
Potions
 c - a potion of heal wounds {unknown}
 e - 3 potions of mutation {unknown}
 g - a potion of agility {unknown}
 h - a potion of flight {unknown}
 i - a potion of berserk rage {unknown}
 t - a potion of haste {unknown}
 v - 6 potions of curing {unknown}
 x - 2 potions of degeneration {unknown}
 C - a potion of might
 E - a potion of brilliance {unknown}
Comestibles
 d - 13 rations


   Skills:
 + Level 2.1 Armour
 - Level 3.0 Dodging
 + Level 5.9 Stealth
 * Level 5.5 Spellcasting
 - Level 3.0 Conjurations
 - Level 4.0 Summonings
   Level 1.0 Translocations
 + Level 1.9 Poison Magic


You had 9 spell levels left.
You knew the following spells:

 Your Spells              Type           Power        Failure   Level  Hunger
a - Magic Dart            Conj           ###.         3%          1    None
c - Mephitic Cloud        Conj/Pois/Air  ##......     21%         3    ##.....
j - Conjure Flame         Conj/Fire      ##......     22%         3    ##.....
n - Call Imp              Summ           ###.....     3%          2    None

Your spell library contained the following spells:

 Spells                   Type           Power        Failure   Level  Hunger
 Blink                    Tloc           N/A          13%         2    None
 Slow                     Hex            #.......     21%         2    None


Dungeon Overview and Level Annotations

Branches:
Dungeon (6/15)             Temple (1/1) D:5

Altars:
Ashenzari
Cheibriados
Dithmenos
Fedhas
Gozag
Hepliaklqana
Kikubaaqudgha
Makhleb
Nemelex Xobeh
Qazlal
Ru
Sif Muna
Trog
Uskayaw
Vehumet
Wu Jian
Xom
Zin
The Shining One

Shops:
D:4 *%=

Annotations:
D:5 exclusion: steam dragon


Innate Abilities, Weirdness & Mutations

You cannot wear boots.
Your serpentine skin is tough. (AC +2)
You have supernaturally acute eyesight. (SInv)
Armour fits poorly on your strangely shaped body.
Your system is resistant to poisons. (rPois)
You cover ground very slowly.
You have a slow metabolism.
You can spit poison.


Message History

Your crimson imp blinks!
Your crimson imp barely misses the ice beast.
The ice beast hits you. The ice beast freezes you!
* * * LOW HITPOINT WARNING * * *
You barely miss the ice beast.
The ice beast is heavily wounded.
Your crimson imp blinks!
The ice beast hits you but does no damage.
Your crimson imp misses the ice beast.
You closely miss the ice beast.
The ice beast is heavily wounded.
Your crimson imp hits the ice beast but does no damage.
The ice beast barely misses you.
Your crimson imp hits the ice beast.
You hit the ice beast but do no damage.
The ice beast is severely wounded.
Your crimson imp blinks!
The ice beast hits you.
* * * LOW HITPOINT WARNING * * *
The ice beast freezes you!
You die...

#.....)..
#.......#
#.......#
#...5...#
#.......#
#.5.5ยง..##.#
#$.^Y......#
##### #@#
.#######<..####.#
................#
.#######...######
#####


You could see an ice beast and 3 friendly crimson imps.

Vanquished Creatures
  A hippogriff (D:3)
  Sigmund (D:3)
  A water moccasin (D:5)
  A phantom (D:5)
  An ogre (D:4)
  A bullfrog (D:4)
  A hound (D:4)
  A jelly (D:2)
  2 iguanas (D:5)
  2 worker ants (D:4)
  2 gnolls (D:3)
  3 adders
  3 oozes (D:2)
  2 adder skeletons (D:4)
  A worm (D:4)
  4 leopard geckos
  3 orcs (D:3)
  2 ball pythons
  5 giant cockroaches
  6 goblins
  5 hobgoblins
  4 jackals (D:4)
  13 kobolds
  3 quokkas
  3 bats
  3 frilled lizards
  9 rats
83 creatures vanquished.

Vanquished Creatures (collateral kills)
  A jelly (D:2)
  A worker ant (D:5)
  A gnoll (D:3)
  2 adders
  5 oozes (D:2)
  A bat (D:1)
11 creatures vanquished.

Vanquished Creatures (others)
  2 fungi (D:2)
  8 toadstools (D:2)
10 creatures vanquished.

Grand Total: 104 creatures vanquished

Notes
Turn   | Place    | Note
-------+----------+-------------------------------------------
     0 | D:1      | FishyPogo the Naga Wizard began the quest for the Orb.
     0 | D:1      | Reached XP level 1. HP: 15/15 MP: 4/4
   157 | D:1      | Reached XP level 2. HP: 22/22 MP: 6/6
   161 | D:1      | Learned a level 2 spell: Call Imp
   670 | D:2      | Reached XP level 3. HP: 23/28 MP: 2/8
   675 | D:2      | Learned a level 3 spell: Mephitic Cloud
   679 | D:2      | Learned a level 3 spell: Conjure Flame
  1116 | D:2      | Reached XP level 4. HP: 36/36 MP: 7/9
  1373 | D:2      | Reached XP level 5. HP: 7/42 MP: 6/11
  1608 | D:3      | Noticed a hippogriff
  1628 | D:3      | Killed a hippogriff
  1628 | D:3      | Reached XP level 6. HP: 8/49 MP: 6/12
  1810 | D:3      | Found a glowing golden altar of the Shining One.
  1850 | D:3      | Found a stormy altar of Qazlal.
  1863 | D:3      | Found a shattered altar of Ashenzari.
  1864 | D:3      | Found an ornate altar of the Wu Jian Council.
  1865 | D:3      | Found a radiant altar of Vehumet.
  1954 | D:3      | Noticed Sigmund
  1962 | D:3      | Killed Sigmund
  1962 | D:3      | Reached skill level 1 in Armour
  1962 | D:3      | Reached skill level 5 in Stealth
  1962 | D:3      | Reached XP level 7. HP: 53/55 MP: 14/14
  2021 | D:3      | Found a hazy altar of Hepliaklqana.
  2231 | D:4      | Reached skill level 5 in Spellcasting
  2261 | D:4      | Found Ihuafy Miap's Food Boutique.
  2271 | D:4      | Found Seats's Jewellery Shop.
  2386 | D:4      | Found Tumyll's Assorted Antiques.
  2394 | D:4      | Bought a scroll labeled UCUTUH XEUM for 25 gold pieces
  2394 | D:4      | Bought a scroll labeled AGROIT FAMAEPS for 25 gold pieces
  2394 | D:4      | Bought a scroll labeled RIZAXZ JECU for 25 gold pieces
  2394 | D:4      | Bought a green potion for 22 gold pieces
  2679 | D:5      | Entered Level 5 of the Dungeon
  2707 | D:5      | Noticed a steam dragon
  2980 | D:5      | Reached skill level 1 in Poison Magic
  2980 | D:5      | Reached XP level 8. HP: 36/62 MP: 15/15
  3101 | D:5      | Found a staircase to the Ecumenical Temple.
  3109 | Temple   | Entered the Ecumenical Temple
  3422 | Temple   | Became a worshipper of Cheibriados the Contemplative
  3538 | D:5      | Found a shadowy altar of Dithmenos.
  4084 | D:6      | Slain by an ice beast

Levels and vault maps discovered:
D:1:      minmay_arrival_four_loops, layout_loops_ring, minmay_hedge_maze
D:2:      cheibrodos_fertilizer, layout_loops_ring
D:3:      layout_rooms, grunt_temple_overflow_open,
          nicolae_overflow_hidden_temple, minivault_11, uniq_sigmund
D:4:      layout_rooms, serial_shops, shop, shop, shop
D:5:      layout_loops_corners, minmay_temple_entry_stoned_glass, first_ration,
          basic_altar, kennysheep_dice
D:6:      layout_loops_cross, uniq_blork_the_orc
Temple:   oiseaux_autumnal_temple

Skill      XL: |  1  2  3  4  5  6  7  8 |
---------------+-------------------------+-----
Summonings     | 2 3 4 |  4.0
Dodging        | 2 3 |  3.0
Spellcasting   | 4 5 |  5.5
Stealth        | 4 5 |  5.9
Conjurations   | 2 3 |  3.0
Armour         | 1 2 |  2.1
Poison Magic   | 1 |  1.9
Translocations | |  1.0

Action                   |  1- 3 |  4- 6 |  7- 9 || total
-------------------------+-------+-------+-------++-------
Melee: Short sword       |     4 |       |       ||     4
       Unarmed           |     2 |       |       ||     2
       Dagger            |     6 |    17 |    36 ||    59
 Cast: Magic Dart        |    42 |    72 |    73 ||   187
       Call Imp          |     5 |     9 |    17 ||    31
       Mephitic Cloud    |       |     4 |     3 ||     7
 Abil: Spit Poison       |    17 |    16 |    16 ||    49
  Use: Scroll            |       |       |     7 ||     7
       Potion            |       |       |     1 ||     1
 Stab: Sleeping          |       |     2 |       ||     2
       Confused          |       |       |     2 ||     2
  Eat: Chunk             |     1 |     3 |     4 ||     8
       Ration            |       |       |     1 ||     1
Armor: Robe              |     2 |    10 |       ||    12
       Leather armour    |       |       |    11 ||    11
Dodge: Dodged            |    21 |    25 |    28 ||    74
